Map: Tours du crépuscule

Players

LoXoR - Winner!

  • Race: Zerg Zerg
  • League: Diamond

Worming

  • Race: Zerg Zerg
  • League: Diamond

VOD

Have the link to the VOD?

Description

Time

  • Played on: Feb. 14, 2016, 7:10 a.m.
  • Length: 4:33
Show
View Real Time Build Order
Export as new Build Order

LoXoR Zerg - Winner!

Build Orders: Pool Only, Zergling Baneling 

Get SALT Encoding   

  12  0:02  Drone  
  13  0:08  Drone  
  14  0:16  Drone, Extractor  
  14  0:33  Spawning Pool  
  13  0:36  Drone  
  14  0:44  Overlord  
  14  1:19  Zergling x6  
  14  1:22  Metabolic Boost  
  14  1:23  Queen  
  19  1:30  Zergling x2  
  20  1:41  Zergling x2  
  20  1:45  Baneling Nest  
  20  1:52  Zergling x2  
  21  2:02  Overlord  
  21  2:21  Zergling x2  
  22  2:24  Zergling x2  
  22  2:29  Baneling x4  
  23  2:31  Zergling x2  
  23  2:32  Zergling x4  
  26  2:38  Zergling x2  
  27  2:55  Drone  
  26  2:58  Zergling x2  
  26  3:02  Zergling x4  
  26  3:03  Zergling x2  
  26  3:05  Baneling  
  26  3:12  Zergling x2  
  26  3:30  Zergling x2  
  26  3:33  Drone  
  24  3:36  Baneling  
  24  3:41  Baneling x2  
  24  3:48  Zergling x6  
  26  3:50  Zergling x2  
  26  4:06  Zergling x2  
  24  4:11  Zergling x2  
Show
View Real Time Build Order
Export as new Build Order

Worming Zerg 

Build Orders: Pool First 

Get SALT Encoding   

  12  0:01  Drone  
  13  0:13  Overlord  
  13  0:17  Drone  
  14  0:31  Drone x2  
  16  0:40  Drone  
  17  0:45  Drone, Extractor  
  17  0:51  Spawning Pool  
  17  0:56  Drone  
  17  1:07  Drone  
  18  1:17  Drone  
  19  1:23  Hatchery  
  18  1:36  Drone  
  18  1:38  Queen  
  21  1:43  Overlord  
  21  1:52  Zergling x2  
  21  1:53  Metabolic Boost  
  22  2:01  Zergling x2  
  23  2:11  Baneling Nest  
  23  2:13  Zergling x2  
  23  2:28  Overlord  
  23  2:41  Overlord x2  
  22  2:46  Zergling x4, Spine Crawler  
  15  2:58  Zergling x2  
  15  2:59  Zergling x4  
  17  3:12  Zergling x2  
  18  3:21  Spine Crawler  
  10  3:37  Zergling x2  
  11  3:45  Zergling x2  
  12  3:49  Baneling  
  9  4:06  Drone  
  9  4:16  Zergling x2  
Tags
 
Add a new tag
Caveats
  • Supply blocks, unpowered buildings, or Contaminate may cause inaccurate times.
  • Supply counts are checked every 10 seconds.